 Dungeon Crawl Stone Soup version 0.22-a0-362-g535178c5c5 (webtiles) character file.

256 Laan the Shield-Bearer (level 6, -8/39 HPs)
             Began as a Gargoyle Fighter on Apr 21, 2018.
             Killed from afar by a dream sheep (47 damage)
             ... with an exploding inner flame
             ... on level 3 of the Dungeon.
             The game lasted 00:03:44 (2330 turns).

Laan the Shield-Bearer (Gargoyle Fighter)           Turns: 2330, Time: 00:03:45

Health: -8/39      AC: 16    Str: 26    XL:     6   Next: 15%
Magic:  6/6        EV:  5    Int:  8    God:
Gold:   190        SH: 10    Dex:  9    Spells: 5/5 levels left

rFire    . . .     SeeInvis .   a - +0 war axe
rCold    . . .     Gourm    .   c - +0 shield
rNeg     + + .     Faith    .   v - +0 plate armour
rPois    ∞         Spirit   .   (no helmet)
rElec    +         Reflect  .   (no cloak)
rCorr    .         Harm     .   (no gloves)
MR       .....                  (no boots)
Stlth    ..........             (no amulet)
HPRegen  0.13/turn              x - ring of positive energy
MPRegen  0.10/turn              r - +4 ring of strength

@: no status effects
A: negative energy resistance 1, electricity resistance, unbreathing,
petrification resistance, rot immunity, AC +4
a: no special abilities


You were on level 3 of the Dungeon.
You were not hungry.

You visited 1 branch of the dungeon, and saw 3 of its levels.

You collected 190 gold pieces.

Inventory:

Hand Weapons
 a - a +0 war axe (weapon)
Missiles
 m - 191 stones (quivered)
Armour
 c - a +0 shield (worn)
 v - a +0 plate armour (worn)
Jewellery
 k - an uncursed ring of magical power
 r - a +4 ring of strength (right hand)
 x - a ring of positive energy (left hand)
Scrolls
 e - a scroll of fear {unknown}
 h - a scroll of noise {unknown}
 i - a scroll of magic mapping {unknown}
 j - a scroll of random uselessness
 l - a scroll of identify
 n - 2 scrolls of teleportation {unknown}
 o - 3 scrolls of remove curse
 q - a scroll of fog {unknown}
Potions
 d - 3 potions of might
 g - a potion of cancellation {unknown}
 p - 3 potions of curing {unknown}
 s - a potion of mutation {unknown}
 t - a potion of haste {unknown}
 u - a potion of degeneration {unknown}
 w - a potion of flight {unknown}
Comestibles
 b - 2 chunks of flesh
 f - 6 rations


   Skills:
 + Level 4.3 Fighting
 * Level 3.9 Axes
 + Level 4.3 Armour
 + Level 4.4 Shields


You had 5 spell levels left.
You didn't know any spells.

Dungeon Overview and Level Annotations

Branches:
Dungeon (3/15)

Altars:
Fedhas
Okawaru
Xom


Innate Abilities, Weirdness & Mutations

You are resistant to torment.
Your stone body is resilient. (AC +4)
You are immune to poison.
You resist negative energy. (rN+)
You are resistant to electric shocks. (rElec)
You can survive without breathing.
You are immune to petrification.
You are immune to rotting.


Message History

A frightened dream sheep leaps away.
A dream sheep catches fire!
A frightened dream sheep leaps away.
A dream sheep catches fire!
A frightened dream sheep leaps away.
A dream sheep catches fire!
The dream sheep stampedes away.
A dream sheep catches fire!
The dream sheep bleats in terror.
You hear mad divine giggling.
Found a shimmering altar of Xom.
The dream sheep burns! x5
The dream sheep burns! x5
The dream sheep bites you but does no damage.
The dream sheep bleats! x4
You slash the dream sheep!
The dream sheep explodes!
The fiery explosion engulfs you!
Ouch! That really hurt!
You die...

........>......"....#
....................#
#########...........#
#########.#.........#
...............Y....#
#########......_.Y..#
# #.....§§§.Y.# #
#.....§§§.Y.# #
#.......@...# #
#...........#
#.########..# .# #.##
..# .## .


You could see 4 dream sheep.

Vanquished Creatures
  The ghost of NihilVerum the Firebug, an amateur DsFE (D:3)
  An orc priest (D:3)
  Jessica (D:2)
  Robin (D:2)
  2 adders (D:3)
  An ooze (D:1)
  A dart slug (D:2)
  4 leopard geckos
  3 orcs (D:3)
  6 bats
  2 giant cockroaches
  14 goblins
  13 hobgoblins
  3 jackals (D:1)
  2 quokkas
  2 ball pythons
  3 frilled lizards (D:1)
  8 kobolds
  8 rats
76 creatures vanquished.

Notes
Turn   | Place    | Note
-------+----------+-------------------------------------------
     0 | D:1      | Laan the Gargoyle Fighter began the quest for the Orb.
     0 | D:1      | Reached XP level 1. HP: 14/14 MP: 1/1
    41 | D:1      | Reached XP level 2. HP: 19/19 MP: 2/2
   336 | D:1      | Reached XP level 3. HP: 23/23 MP: 3/3
   868 | D:2      | Noticed Robin
  1183 | D:2      | Killed Robin
  1183 | D:2      | Reached XP level 4. HP: 22/29 MP: 4/4
  1495 | D:2      | Noticed Jessica
  1509 | D:2      | Killed Jessica
  1531 | D:2      | Found an iron altar of Okawaru.
  1678 | D:2      | Found a blossoming altar of Fedhas.
  1854 | D:3      | Reached XP level 5. HP: 30/33 MP: 5/5
  2126 | D:3      | Noticed NihilVerum's ghost (amateur DsFE)
  2146 | D:3      | Killed NihilVerum's ghost
  2200 | D:3      | Reached XP level 6. HP: 35/39 MP: 6/6
  2327 | D:3      | Found a shimmering altar of Xom.
  2327 | D:3      | Noticed a dream sheep
  2327 | D:3      | Noticed a dream sheep
  2327 | D:3      | Noticed a dream sheep
  2327 | D:3      | Noticed a dream sheep
  2327 | D:3      | Noticed a dream sheep
  2330 | D:3      | Killed a dream sheep
  2330 | D:3      | Killed from afar by a dream sheep

Vault maps used:
D:1:      matt_arrival_los_fun
D:2:      fedhas_altar_4, okawaru_metal_pillars_3, st_stairs_6,
          grunt_decor_clamped, minmay_misc_feat_plants, uniq_robin, uniq_jessica
D:3:      first_ration, kb_xom_exploding_sheep

Skill      XL: |  1  2  3  4 |
---------------+-------------+-----
Axes           | 2 3 |  3.9
Shields        | 4 |  4.4
Fighting       | 4 |  4.3
Armour         | 4 |  4.3

Action                   |  1- 3 |  4- 6 || total
-------------------------+-------+-------++-------
Melee: War axe           |   137 |   157 ||   294
  Use: Scroll            |       |     3 ||     3
  Eat: Chunk             |     1 |     4 ||     5
Armor: Scale mail        |    83 |    31 ||   114
       Plate armour      |       |    67 ||    67
Dodge: Dodged            |    70 |    32 ||   102
Block: Shield            |    84 |    90 ||   174

Table legend:
 A = Spawn XP
 B = Non-spawn XP
 C = Spawn XP percentage of total XP
 D = Spawn monster count
 E = Non-spawn monster count
 F = Spawn count percentage of total count
 G = Total turns spent on level
                    A         B        C        D         E        F      G
               +---------+---------+-------+---------+---------+-------+---------
         Total |       0 |     366 |   0.0 |       0 |      76 |   0.0 |  2330
               +---------+---------+-------+---------+---------+-------+---------
           D:1 |       0 |      71 |   0.0 |       0 |      40 |   0.0 |  1166
           D:2 |       0 |      81 |   0.0 |       0 |      17 |   0.0 |   594
           D:3 |       0 |     214 |   0.0 |       0 |      19 |   0.0 |   570
               +---------+---------+-------+---------+---------+-------+---------
